Map: Frost LE

Players

llllllllllll - Winner!

  • Race: Zerg Zerg
  • League: Grandmaster

Guru

  • Race: Zerg Zerg
  • League: Master

VOD

Have the link to the VOD?

Description

Time

  • Played on: Oct. 28, 2016, 9:26 a.m.
  • Length: 7:25
Show
View Real Time Build Order
Export as new Build Order

llllllllllll Zerg - Winner!

Build Orders: Hatch First 

Get SALT Encoding   

  12  0:00  Drone  
  13  0:13  Overlord  
  13  0:17  Drone  
  14  0:31  Drone x2  
  16  0:36  Drone  
  17  0:52  Unknown, Hatchery  
  17  0:55  Drone  
  17  0:59  Drone  
  18  1:13  Spawning Pool  
  18  1:14  Extractor  
  18  1:17  Drone  
  17  1:20  Drone  
  18  1:28  Drone  
  19  1:39  Overlord  
  19  1:50  Drone  
  20  2:01  Queen  
  20  2:03  Zergling x2  
  20  2:04  Unknown  
  20  2:06  Queen  
  20  2:08  Drone  
  26  2:12  Drone  
  26  2:15  Drone  
  28  2:22  Drone  
  29  2:26  Drone  
  30  2:33  Evolution Chamber  
  30  2:34  Drone  
  30  2:36  Drone  
  31  2:44  Overlord  
  31  2:45  Queen  
  31  2:49  Drone  
  31  2:50  Lair  
  34  2:57  Drone  
  35  3:00  Zerg Missile Weapons Level 1, Drone  
  36  3:07  Roach Warren  
  36  3:08  Drone x2  
  36  3:10  Drone  
  38  3:14  Drone  
  38  3:21  Drone x4  
  42  3:27  Overlord  
  42  3:28  Drone  
  42  3:30  Drone  
  44  3:36  Overlord  
  44  3:38  Extractor  
  44  3:40  Extractor, Drone  
  43  3:45  Overlord  
  43  3:46  Drone x2  
  45  3:52  Glial Reconstitution  
  45  3:54  Drone x2  
  47  3:56  Roach  
  47  3:58  Roach  
  51  4:04  Overlord  
  51  4:09  Drone  
  52  4:11  Roach x2  
  56  4:20  Unknown, Hatchery  
  56  4:23  Roach x2  
  59  4:25  Roach  
  59  4:28  Roach  
  59  4:31  Overlord  
  63  4:35  Roach x2  
  67  4:40  Roach  
  67  4:41  Roach  
  71  4:47  Overlord  
  71  4:49  Roach x2  
  75  4:55  Overlord  
  75  4:59  Zerg Missile Weapons Level 2  
  75  5:04  Drone x4  
  79  5:08  Roach  
  79  5:09  Roach  
  83  5:22  Roach  
  83  5:23  Roach x3  
  91  5:31  Unknown  
  91  5:33  Roach x2  
  95  5:41  Overlord x2  
  95  5:44  Roach  
  95  5:48  Overlord  
  97  5:50  Overlord  
  97  5:54  Overlord  
  97  5:56  Overlord  
  97  6:05  Roach  
  97  6:06  Roach x5  
  109  6:13  Drone x2  
  109  6:14  Drone  
  109  6:17  Roach x6  
  124  6:20  Ravager, Overlord  
  124  6:23  Roach  
  124  6:24  Roach  
  129  6:30  Roach x2  
  133  6:33  Overlord  
  133  6:37  Roach  
  133  6:38  Overlord  
  135  6:41  Roach  
  135  6:43  Roach  
  139  6:47  Roach x2  
  143  6:54  Roach  
  143  6:55  Roach x3  
  151  7:02  Roach x3  
Show
View Real Time Build Order
Export as new Build Order

Guru Zerg 

Build Orders: Hatch First 

Get SALT Encoding   

  12  0:01  Drone  
  13  0:13  Overlord  
  13  0:17  Drone  
  14  0:32  Drone x2  
  16  0:36  Drone  
  17  0:53  Unknown, Hatchery  
  17  0:55  Drone  
  17  1:09  Spawning Pool  
  17  1:10  Extractor  
  15  1:13  Drone  
  15  1:16  Drone  
  17  1:20  Drone  
  18  1:29  Drone  
  19  1:42  Overlord  
  19  1:56  Queen  
  19  1:57  Zergling x2  
  22  2:03  Drone  
  22  2:04  Queen, Unknown  
  22  2:06  Drone  
  26  2:14  Drone  
  27  2:17  Drone  
  28  2:26  Drone x2  
  30  2:32  Queen  
  30  2:36  Drone  
  33  2:41  Drone  
  34  2:45  Overlord  
  34  2:49  Drone  
  35  2:55  Overlord  
  35  3:05  Drone x4  
  38  3:08  Drone  
  38  3:12  Lair, Drone x2  
  41  3:13  Drone x2  
  41  3:19  Roach Warren  
  42  3:23  Overlord  
  42  3:28  Evolution Chamber  
  42  3:30  Drone  
  42  3:31  Drone  
  42  3:33  Drone  
  44  3:38  Drone x3  
  44  3:40  Extractor  
  46  3:42  Extractor  
  46  3:44  Drone x4  
  49  3:51  Overlord  
  49  3:55  Zerg Missile Weapons Level 1  
  49  3:57  Overlord  
  49  4:04  Overlord  
  49  4:09  Glial Reconstitution  
  49  4:11  Roach x4  
  49  4:14  Roach  
  49  4:16  Roach  
  61  4:21  Roach x2  
  65  4:26  Roach  
  65  4:29  Overlord  
  67  4:38  Unknown, Hatchery  
  67  4:39  Roach  
  67  4:42  Roach  
  67  4:44  Roach  
  72  4:47  Roach  
  72  4:49  Roach  
  76  4:54  Roach x2  
  76  4:56  Roach  
  76  4:59  Ravager  
  83  5:01  Roach  
  83  5:03  Roach  
  83  5:04  Roach  
  83  5:06  Roach  
  91  5:21  Overlord x2  
  91  5:22  Overlord  
  91  5:23  Overlord  
  91  5:25  Overlord  
  91  5:27  Ravager, Overlord  
  92  5:31  Overlord  
  92  5:36  Overlord  
  92  5:38  Roach  
  92  5:40  Roach  
  94  5:46  Roach  
  94  5:47  Queen  
  94  5:49  Roach  
  100  5:50  Unknown  
  100  5:58  Roach x4  
  108  6:06  Extractor  
  108  6:07  Drone x3  
  108  6:10  Ravager  
  112  6:11  Drone  
  112  6:13  Drone x2  
  112  6:16  Drone x2  
  116  6:20  Overlord  
  116  6:27  Roach x3  
  122  6:35  Ravager  
  122  6:37  Drone x2  
  122  6:38  Overseer  
  125  6:40  Drone x2  
  125  6:41  Drone x3  
  125  6:43  Roach  
  125  6:45  Roach  
  134  6:50  Roach x2  
  138  6:56  Roach  
  138  6:57  Roach x2  
  138  6:59  Roach x2  
  148  7:02  Roach  
  148  7:05  Roach  
Tags
 
Add a new tag
Caveats
  • Supply blocks, unpowered buildings, or Contaminate may cause inaccurate times.
  • Supply counts are checked every 10 seconds.